[ AOE2 MATCH · #472081141 ]
UnrankedKoreans vs Britons
[ REPLAY ANALYSIS · EXTRACTED FROM THE RECORDED GAME ]
Feudal
11:01
Castle
14:44
Imperial
40:38
| APM avg | 51.2 |
| APM peak | 102 |
| eAPM avg | 23.9 |
| Villagers / military | 201 / 94 |
Focus
⚔️ 25.8% · 🌾 74.2%
Spearman ×85 · Iron Pagoda ×6 · War Wagon ×2 · Battering Ram ×1
Feudal
10:55
Castle
14:34
Imperial
36:25
| APM avg | 37.1 |
| APM peak | 68 |
| eAPM avg | 25.9 |
| Villagers / military | 130 / 107 |
Focus
⚔️ 27.5% · 🌾 72.5%
Longbowman ×100 · Petard ×4 · Mangonel ×2 · Battering Ram ×1
Feudal
11:47
Castle
15:26
Imperial
26:41
| APM avg | 55.7 |
| APM peak | 160 |
| eAPM avg | 30.3 |
| Villagers / military | 170 / 138 |
Focus
⚔️ 39.9% · 🌾 60.1%
Camel Scout ×112 · Mangonel ×18 · Armored Elephant ×7 · Trade Cart ×4 · Bombard Cannon ×1
Feudal
10:31
Castle
14:07
Imperial
29:13
| APM avg | 53.9 |
| APM peak | 102 |
| eAPM avg | 29.3 |
| Villagers / military | 165 / 204 |
Focus
⚔️ 36.7% · 🌾 63.3%
Elephant Archer ×180 · Armored Elephant ×7 · Bombard Cannon ×6 · Monk ×5 · Camel Scout ×5 · Hand Cannoneer ×1
Feudal
11:00
Castle
15:13
Imperial
—
| APM avg | 37.8 |
| APM peak | 77 |
| eAPM avg | 21.8 |
| Villagers / military | 128 / 79 |
Focus
⚔️ 30.5% · 🌾 69.5%
Genoese Crossbowman ×67 · Militia ×12
Feudal
10:33
Castle
14:05
Imperial
27:44
| APM avg | 32.0 |
| APM peak | 55 |
| eAPM avg | 21.2 |
| Villagers / military | 155 / 190 |
Focus
⚔️ 30.3% · 🌾 69.7%
Huskarl ×188 · Trebuchet (Packed) ×2
Feudal
11:56
Castle
15:34
Imperial
20:34
| APM avg | 34.9 |
| APM peak | 67 |
| eAPM avg | 16.3 |
| Villagers / military | 96 / 57 |
Focus
⚔️ 32.3% · 🌾 67.7%
Hand Cannoneer ×40 · Bombard Cannon ×13 · Monk ×2 · Scout Cavalry ×2
Feudal
10:48
Castle
14:30
Imperial
—
| APM avg | 37.3 |
| APM peak | 97 |
| eAPM avg | 15.5 |
| Villagers / military | 89 / 31 |
Focus
⚔️ 30.4% · 🌾 69.6%
Mangudai ×24 · Steppe Lancer ×3 · Knight ×2 · Petard ×1 · Spearman ×1
Match map
Initial resources + every placement click. Lines = walls · curves = elevation contours. ◆ gold · ⬟ stone · ● berries · ✦ relic · ◌ wall gap
Your base· Open — unwalled flank
_'s base· Open — unwalled flank
coxinha_iodo's base· Open — unwalled flank
Zachattack771's base· Open — unwalled flank
TaçsızKral's base· Open — unwalled flank
Soma's base· Open — unwalled flank
tokmakbaba's base· Open — unwalled flank
Benitto Burrito's base· Open — 6t gap
Smoothed initial terrain · ◌ = detected wall gap · hover for details
Inputs per minute
— Twidboy - - _
Build order — Twidboy
First 150 of 448 actions detected
| 0:01 | Create | Villager (Male) |
| 0:02 | Create | Villager (Male) |
| 0:02 | Create | Villager (Male) |
| 0:03 | Build | House |
| 0:05 | Build | House |
| 0:05 | Create | Villager (Male) |
| 0:06 | Create | Villager (Male) |
| 1:32 | Create | Villager (Male) |
| 1:32 | Create | Villager (Male) |
| 1:48 | Build | Lumber Camp |
| 1:51 | Create | Villager (Male) |
| 1:51 | Create | Villager (Male) |
| 2:21 | Create | Villager (Male) |
| 2:21 | Create | Villager (Male) |
| 2:21 | Create | Villager (Male) |
| 2:48 | Create | Villager (Male) |
| 2:49 | Create | Villager (Male) |
| 2:49 | Create | Villager (Male) |
| 3:24 | Build | House |
| 3:25 | Build | House |
| 3:27 | Build | House |
| 3:42 | Create | Villager (Male) |
| 3:43 | Create | Villager (Male) |
| 3:43 | Create | Villager (Male) |
| 4:34 | Create | Villager (Male) |
| 4:34 | Create | Villager (Male) |
| 5:16 | Create | Villager (Male) |
| 5:16 | Create | Villager (Male) |
| 5:41 | Create | Villager (Male) |
| 5:51 | Create | Villager (Male) |
| 5:59 | Build | Mill |
| 6:52 | Create | Villager (Male) |
| 7:04 | Create | Villager (Male) |
| 7:30 | Create | Villager (Male) |
| 7:30 | Create | Villager (Male) |
| 7:35 | Build | Mining Camp |
| 8:28 | Build | Mining Camp |
| 8:51 | Research | Feudal Age |
| 8:51 | Research | Feudal Age |
| 9:08 | Create | Villager (Male) |
| 9:08 | Create | Villager (Male) |
| 11:01 | Age | Feudal Age |
| 11:04 | Build | Market |
| 11:07 | Build | Blacksmith |
| 12:04 | Research | Castle Age |
| 12:04 | Research | Castle Age |
| 12:28 | Research | Double-Bit Axe |
| 12:28 | Research | Double-Bit Axe |
| 13:16 | Research | Loom |
| 13:16 | Research | Loom |
| 13:17 | Create | Villager (Male) |
| 13:17 | Create | Villager (Male) |
| 13:48 | Research | Gold Mining |
| 13:48 | Research | Gold Mining |
| 13:56 | Research | Fletching |
| 13:56 | Research | Fletching |
| 14:44 | Age | Castle Age |
| 15:04 | Build | Castle |
| 15:10 | Create | Villager (Male) |
| 15:16 | Build | Farm |
| 15:17 | Build | Farm |
| 15:17 | Build | Farm |
| 15:21 | Research | Bodkin Arrow |
| 15:21 | Research | Bodkin Arrow |
| 15:24 | Build | Farm |
| 15:24 | Build | Farm |
| 15:25 | Build | Farm |
| 17:14 | Create | Villager (Male) |
| 17:14 | Create | Villager (Male) |
| 17:44 | Build | Siege Workshop |
| 18:05 | Create | Iron Pagoda |
| 18:06 | Create | Iron Pagoda |
| 18:08 | Create | Villager (Male) |
| 18:09 | Create | Villager (Male) |
| 18:09 | Create | Villager (Male) |
| 18:40 | Create | Villager (Male) |
| 18:58 | Create | Villager (Male) |
| 19:25 | Create | Villager (Male) |
| 19:25 | Create | Villager (Male) |
| 19:35 | Create | Iron Pagoda |
| 19:35 | Create | Iron Pagoda |
| 19:37 | Create | Villager (Male) |
| 19:37 | Create | Villager (Male) |
| 20:41 | Create | Villager (Male) |
| 20:43 | Create | Battering Ram |
| 21:24 | Create | Villager (Male) |
| 21:25 | Create | Villager (Male) |
| 21:32 | Create | Villager (Male) |
| 21:52 | Create | War Wagon |
| 22:21 | Create | Villager (Male) |
| 22:40 | Create | Villager (Male) |
| 22:40 | Create | Villager (Male) |
| 22:45 | Build | Town Center |
| 23:08 | Create | War Wagon |
| 23:08 | Create | Villager (Male) |
| 23:08 | Create | Villager (Male) |
| 23:32 | Research | Bow Saw |
| 23:32 | Research | Bow Saw |
| 24:00 | Create | Villager (Male) |
| 24:00 | Create | Villager (Male) |
| 24:02 | Build | Farm |
| 24:03 | Build | Farm |
| 24:28 | Create | Villager (Male) |
| 24:28 | Create | Villager (Male) |
| 24:33 | Build | Farm |
| 24:34 | Build | Farm |
| 25:00 | Build | Farm |
| 25:04 | Create | Villager (Male) |
| 25:04 | Create | Villager (Male) |
| 25:19 | Build | Farm |
| 25:24 | Build | Farm |
| 25:26 | Create | Villager (Male) |
| 25:26 | Create | Villager (Male) |
| 25:31 | Build | House |
| 25:38 | Build | House |
| 25:56 | Build | Town Center |
| 26:00 | Build | Farm |
| 26:02 | Research | Horse Collar |
| 26:02 | Research | Horse Collar |
| 26:04 | Create | Villager (Male) |
| 26:04 | Create | Villager (Male) |
| 26:27 | Create | Villager (Male) |
| 26:34 | Create | Villager (Male) |
| 26:34 | Create | Villager (Male) |
| 27:20 | Create | Villager (Male) |
| 27:20 | Create | Villager (Male) |
| 27:20 | Create | Villager (Male) |
| 27:26 | Create | Villager (Male) |
| 27:26 | Create | Villager (Male) |
| 27:28 | Build | Farm |
| 27:28 | Build | Farm |
| 27:28 | Build | Farm |
| 27:42 | Create | Villager (Male) |
| 27:43 | Create | Villager (Male) |
| 27:46 | Build | Farm |
| 27:46 | Build | Farm |
| 27:47 | Build | Farm |
| 27:48 | Build | Farm |
| 27:50 | Create | Villager (Male) |
| 27:51 | Create | Villager (Male) |
| 28:08 | Create | Villager (Male) |
| 28:08 | Create | Villager (Male) |
| 28:12 | Build | Farm |
| 28:12 | Build | Farm |
| 28:15 | Build | Farm |
| 28:15 | Build | Farm |
| 28:28 | Create | Iron Pagoda |
| 28:29 | Create | Villager (Male) |
| 28:29 | Create | Villager (Male) |
| 28:30 | Create | Villager (Male) |
Build order — _
First 150 of 397 actions detected
| 0:00 | Create | Villager (Male) |
| 0:00 | Create | Villager (Male) |
| 0:02 | Build | House |
| 0:03 | Build | House |
| 0:22 | Create | Villager (Male) |
| 0:22 | Create | Villager (Male) |
| 0:22 | Create | Villager (Male) |
| 1:25 | Create | Villager (Male) |
| 1:26 | Create | Villager (Male) |
| 1:45 | Create | Villager (Male) |
| 1:45 | Create | Villager (Male) |
| 2:14 | Create | Villager (Male) |
| 2:19 | Build | Lumber Camp |
| 2:30 | Create | Villager (Male) |
| 2:31 | Create | Villager (Male) |
| 2:31 | Create | Villager (Male) |
| 3:24 | Create | Villager (Male) |
| 3:24 | Create | Villager (Male) |
| 3:25 | Create | Villager (Male) |
| 3:52 | Create | Villager (Male) |
| 3:53 | Create | Villager (Male) |
| 3:57 | Build | House |
| 4:00 | Build | House |
| 4:02 | Create | Villager (Male) |
| 4:03 | Create | Villager (Male) |
| 4:03 | Create | Villager (Male) |
| 4:41 | Create | Villager (Male) |
| 4:41 | Create | Villager (Male) |
| 5:33 | Create | Villager (Male) |
| 5:33 | Create | Villager (Male) |
| 5:33 | Create | Villager (Male) |
| 5:36 | Create | Villager (Male) |
| 5:37 | Create | Villager (Male) |
| 5:50 | Create | Villager (Male) |
| 5:50 | Create | Villager (Male) |
| 5:59 | Build | Mill |
| 6:00 | Create | Villager (Male) |
| 6:10 | Create | Villager (Male) |
| 6:10 | Create | Villager (Male) |
| 6:10 | Create | Villager (Male) |
| 7:14 | Build | Mining Camp |
| 7:16 | Create | Villager (Male) |
| 7:31 | Build | Mining Camp |
| 8:11 | Create | Villager (Male) |
| 8:12 | Research | Feudal Age |
| 9:59 | Build | House |
| 10:23 | Create | Villager (Male) |
| 10:23 | Create | Villager (Male) |
| 10:38 | Build | House |
| 10:55 | Age | Feudal Age |
| 11:00 | Build | Blacksmith |
| 11:03 | Build | Market |
| 11:54 | Research | Castle Age |
| 11:54 | Research | Castle Age |
| 12:20 | Build | Outpost |
| 12:29 | Research | Double-Bit Axe |
| 12:29 | Research | Double-Bit Axe |
| 12:30 | Research | Horse Collar |
| 12:59 | Research | Town Watch |
| 13:13 | Create | Villager (Male) |
| 13:40 | Research | Loom |
| 13:44 | Create | Villager (Male) |
| 14:02 | Build | House |
| 14:16 | Research | Town Watch |
| 14:34 | Age | Castle Age |
| 14:41 | Build | Town Center |
| 14:45 | Create | Villager (Male) |
| 14:46 | Research | Bow Saw |
| 15:09 | Create | Villager (Male) |
| 15:15 | Create | Villager (Male) |
| 15:23 | Build | Castle |
| 15:54 | Research | Loom |
| 15:57 | Research | Fletching |
| 16:59 | Create | Longbowman |
| 17:31 | Build | House |
| 17:33 | Build | House |
| 17:37 | Build | House |
| 17:46 | Build | House |
| 17:50 | Build | House |
| 17:55 | Build | House |
| 18:12 | Build | House |
| 18:17 | Build | House |
| 18:26 | Build | Farm |
| 18:29 | Build | Farm |
| 18:29 | Build | Farm |
| 18:30 | Build | Farm |
| 18:38 | Build | House |
| 18:42 | Build | Farm |
| 18:43 | Build | Farm |
| 18:48 | Create | Villager (Male) |
| 18:48 | Create | Villager (Male) |
| 18:49 | Create | Villager (Male) |
| 18:49 | Create | Villager (Male) |
| 18:49 | Create | Villager (Male) |
| 18:54 | Create | Longbowman |
| 19:03 | Create | Villager (Male) |
| 19:03 | Create | Villager (Male) |
| 19:19 | Build | House |
| 19:21 | Build | Farm |
| 19:23 | Build | Farm |
| 19:33 | Build | Farm |
| 19:34 | Build | Farm |
| 19:35 | Build | Farm |
| 19:36 | Build | Farm |
| 19:46 | Build | Farm |
| 19:47 | Create | Villager (Male) |
| 20:01 | Build | Farm |
| 20:09 | Build | Farm |
| 20:17 | Create | Villager (Male) |
| 20:18 | Create | Villager (Male) |
| 20:20 | Build | Farm |
| 20:32 | Build | Siege Workshop |
| 21:04 | Create | Battering Ram |
| 21:31 | Create | Longbowman |
| 21:39 | Research | Bodkin Arrow |
| 21:46 | Create | Villager (Male) |
| 22:43 | Create | Longbowman |
| 22:45 | Create | Villager (Male) |
| 22:46 | Create | Villager (Male) |
| 22:47 | Create | Villager (Male) |
| 22:51 | Create | Petard |
| 22:54 | Create | Villager (Male) |
| 22:55 | Create | Villager (Male) |
| 22:55 | Create | Villager (Male) |
| 22:56 | Create | Villager (Male) |
| 23:03 | Create | Petard |
| 23:03 | Create | Petard |
| 23:23 | Create | Petard |
| 23:25 | Create | Villager (Male) |
| 23:28 | Build | Farm |
| 23:30 | Create | Villager (Male) |
| 23:34 | Build | Town Center |
| 24:01 | Create | Villager (Male) |
| 24:03 | Create | Villager (Male) |
| 24:48 | Create | Longbowman |
| 24:49 | Create | Longbowman |
| 25:02 | Create | Villager (Male) |
| 25:05 | Create | Villager (Male) |
| 25:29 | Create | Villager (Male) |
| 25:30 | Create | Villager (Male) |
| 25:30 | Create | Villager (Male) |
| 25:30 | Create | Villager (Male) |
| 25:31 | Build | Farm |
| 25:32 | Create | Villager (Male) |
| 25:32 | Create | Villager (Male) |
| 25:32 | Create | Villager (Male) |
| 25:32 | Create | Villager (Male) |
| 25:33 | Create | Villager (Male) |
| 25:45 | Build | Town Center |
| 25:51 | Create | Mangonel |
Build order — coxinha_iodo
First 150 of 363 actions detected
| 0:02 | Create | Villager (Male) |
| 0:03 | Build | House |
| 0:04 | Build | House |
| 0:13 | Create | Villager (Male) |
| 0:21 | Create | Villager (Male) |
| 0:24 | Create | Villager (Male) |
| 1:15 | Create | Villager (Male) |
| 1:16 | Create | Villager (Male) |
| 1:37 | Create | Villager (Male) |
| 1:37 | Create | Villager (Male) |
| 1:57 | Build | Lumber Camp |
| 2:01 | Create | Villager (Male) |
| 2:01 | Create | Villager (Male) |
| 2:48 | Create | Villager (Male) |
| 2:51 | Create | Villager (Male) |
| 2:51 | Create | Villager (Male) |
| 2:51 | Create | Villager (Male) |
| 3:28 | Build | House |
| 3:37 | Create | Villager (Male) |
| 3:55 | Create | Villager (Male) |
| 4:22 | Create | Villager (Male) |
| 4:39 | Create | Villager (Male) |
| 4:40 | Create | Villager (Male) |
| 4:40 | Create | Villager (Male) |
| 4:42 | Build | House |
| 4:45 | Build | Mill |
| 5:41 | Create | Villager (Male) |
| 5:41 | Create | Villager (Male) |
| 5:51 | Create | Villager (Male) |
| 5:51 | Create | Villager (Male) |
| 6:15 | Create | Villager (Male) |
| 6:16 | Create | Villager (Male) |
| 6:22 | Create | Villager (Male) |
| 6:22 | Create | Villager (Male) |
| 6:22 | Create | Villager (Male) |
| 6:48 | Build | House |
| 7:17 | Create | Villager (Male) |
| 7:18 | Create | Villager (Male) |
| 7:18 | Create | Villager (Male) |
| 7:28 | Create | Villager (Male) |
| 7:45 | Create | Villager (Male) |
| 9:17 | Build | Lumber Camp |
| 9:23 | Research | Feudal Age |
| 9:24 | Research | Feudal Age |
| 9:40 | Build | Farm |
| 9:43 | Build | Farm |
| 9:45 | Build | Farm |
| 10:08 | Build | Farm |
| 10:10 | Build | Farm |
| 10:35 | Create | Villager (Male) |
| 11:03 | Create | Villager (Male) |
| 11:47 | Age | Feudal Age |
| 11:50 | Create | Villager (Male) |
| 11:52 | Build | Market |
| 11:55 | Build | Blacksmith |
| 12:04 | Research | Double-Bit Axe |
| 12:05 | Research | Double-Bit Axe |
| 12:05 | Research | Horse Collar |
| 12:46 | Research | Castle Age |
| 13:36 | Build | House |
| 13:37 | Build | House |
| 13:40 | Build | House |
| 14:11 | Build | Farm |
| 14:14 | Build | Farm |
| 14:27 | Build | Farm |
| 14:45 | Create | Villager (Male) |
| 15:07 | Create | Villager (Male) |
| 15:26 | Age | Castle Age |
| 15:27 | Build | Town Center |
| 15:28 | Create | Villager (Male) |
| 15:32 | Build | Town Center |
| 15:38 | Build | Town Center |
| 15:41 | Research | Bow Saw |
| 15:42 | Research | Wheelbarrow |
| 15:47 | Build | Farm |
| 16:01 | Create | Villager (Male) |
| 16:08 | Build | Farm |
| 16:26 | Build | Farm |
| 16:27 | Create | Villager (Male) |
| 16:32 | Build | House |
| 16:33 | Build | House |
| 17:01 | Create | Villager (Male) |
| 17:01 | Create | Villager (Male) |
| 17:05 | Build | Farm |
| 17:06 | Build | Farm |
| 17:16 | Create | Villager (Male) ×5 |
| 17:24 | Create | Villager (Male) ×5 |
| 17:38 | Research | Heavy Plow |
| 17:39 | Research | Heavy Plow |
| 17:39 | Research | Heavy Plow |
| 17:52 | Create | Villager (Male) ×5 |
| 18:03 | Build | Farm |
| 18:05 | Build | Farm |
| 18:06 | Create | Villager (Male) ×3 |
| 18:09 | Build | House |
| 18:10 | Build | House |
| 18:12 | Build | House |
| 18:26 | Build | Farm |
| 18:28 | Build | Farm |
| 18:30 | Create | Villager (Male) ×2 |
| 18:47 | Build | Mining Camp |
| 18:51 | Create | Villager (Male) ×3 |
| 18:56 | Build | Farm |
| 18:57 | Build | Farm |
| 19:02 | Build | House |
| 19:02 | Build | House |
| 19:04 | Build | House |
| 19:11 | Build | Farm |
| 19:17 | Build | Farm |
| 19:29 | Build | Mining Camp |
| 19:37 | Create | Villager (Male) ×5 |
| 19:51 | Build | University |
| 20:00 | Create | Villager (Male) ×5 |
| 20:14 | Build | Lumber Camp |
| 20:35 | Build | Farm |
| 20:38 | Create | Villager (Male) ×5 |
| 20:59 | Build | House |
| 21:08 | Build | Siege Workshop |
| 21:19 | Create | Villager (Male) |
| 21:22 | Build | House |
| 21:22 | Build | House |
| 21:22 | Build | House |
| 21:23 | Build | House |
| 21:23 | Build | House |
| 21:23 | Build | House |
| 21:26 | Build | Farm |
| 21:29 | Build | Farm |
| 21:31 | Create | Villager (Male) ×5 |
| 21:38 | Build | Lumber Camp |
| 21:43 | Build | Farm |
| 21:54 | Build | Lumber Camp |
| 22:06 | Build | House |
| 22:11 | Create | Villager (Male) ×5 |
| 22:27 | Build | Barracks |
| 22:31 | Build | House |
| 22:32 | Build | House |
| 22:33 | Build | House |
| 22:38 | Build | Farm |
| 22:42 | Build | Farm |
| 22:45 | Build | Farm |
| 22:48 | Create | Villager (Male) ×5 |
| 22:57 | Build | Farm |
| 23:10 | Build | Farm |
| 23:14 | Build | Farm |
| 23:17 | Build | Farm |
| 23:31 | Research | Imperial Age |
| 23:31 | Research | Imperial Age |
| 23:31 | Research | Imperial Age |
| 23:37 | Create | Villager (Male) ×4 |
| 23:44 | Build | Building 487 |
Build order — Zachattack771
First 150 of 509 actions detected
| 0:00 | Create | Villager (Male) |
| 0:01 | Create | Villager (Male) |
| 0:02 | Build | House |
| 0:25 | Build | Mill |
| 0:29 | Create | Villager (Male) |
| 0:34 | Create | Villager (Male) |
| 0:34 | Create | Villager (Male) |
| 1:37 | Create | Villager (Male) |
| 1:37 | Create | Villager (Male) |
| 1:44 | Build | House |
| 1:46 | Create | Villager (Male) |
| 1:46 | Create | Villager (Male) |
| 2:15 | Create | Villager (Male) |
| 2:44 | Create | Villager (Male) |
| 2:44 | Create | Villager (Male) |
| 3:10 | Create | Villager (Male) |
| 3:15 | Create | Villager (Male) |
| 3:15 | Create | Villager (Male) |
| 3:28 | Create | Villager (Male) |
| 4:08 | Build | House |
| 4:12 | Build | Lumber Camp |
| 4:32 | Create | Villager (Male) |
| 4:32 | Create | Villager (Male) |
| 4:36 | Build | House |
| 5:15 | Create | Villager (Male) |
| 5:35 | Create | Villager (Male) |
| 5:36 | Create | Villager (Male) |
| 6:07 | Create | Villager (Male) |
| 6:19 | Build | Mining Camp |
| 6:57 | Create | Villager (Male) |
| 7:22 | Create | Villager (Male) |
| 7:25 | Build | Farm |
| 7:36 | Build | Farm |
| 7:47 | Create | Villager (Male) |
| 8:13 | Build | House |
| 8:20 | Research | Feudal Age |
| 9:35 | Create | Villager (Male) |
| 9:35 | Create | Villager (Male) |
| 9:35 | Create | Villager (Male) |
| 10:31 | Age | Feudal Age |
| 10:35 | Build | Blacksmith |
| 10:38 | Build | Market |
| 10:42 | Research | Double-Bit Axe |
| 10:42 | Research | Double-Bit Axe |
| 11:16 | Research | Horse Collar |
| 11:27 | Research | Castle Age |
| 11:27 | Research | Castle Age |
| 11:27 | Research | Castle Age |
| 12:40 | Create | Villager (Male) |
| 14:07 | Age | Castle Age |
| 14:18 | Build | Town Center |
| 14:19 | Research | Bow Saw |
| 14:19 | Research | Bow Saw |
| 14:21 | Research | Heavy Plow |
| 14:21 | Research | Heavy Plow |
| 14:22 | Create | Villager (Male) |
| 14:25 | Build | Town Center |
| 14:30 | Build | Farm |
| 14:30 | Build | Farm |
| 14:30 | Build | Farm |
| 14:30 | Build | Farm |
| 14:31 | Build | Farm |
| 14:31 | Build | Farm |
| 14:31 | Build | Farm |
| 14:31 | Build | Farm |
| 14:31 | Build | Farm |
| 14:31 | Build | Farm |
| 14:32 | Build | Farm |
| 14:32 | Build | Farm |
| 14:32 | Build | Farm |
| 14:32 | Build | Farm |
| 14:43 | Build | House |
| 14:44 | Build | House |
| 14:44 | Build | House |
| 14:44 | Build | House |
| 14:45 | Create | Villager (Male) |
| 15:20 | Create | Villager (Male) |
| 15:26 | Build | Farm |
| 15:28 | Build | Farm |
| 15:31 | Build | House |
| 15:32 | Build | House |
| 15:32 | Build | House |
| 15:39 | Build | House |
| 15:39 | Build | House |
| 15:39 | Build | House |
| 15:40 | Create | Villager (Male) |
| 15:40 | Create | Villager (Male) |
| 15:46 | Create | Villager (Male) |
| 16:12 | Create | Villager (Male) |
| 16:12 | Create | Villager (Male) |
| 16:13 | Create | Villager (Male) |
| 16:14 | Build | Farm |
| 16:43 | Create | Villager (Male) |
| 16:46 | Create | Villager (Male) |
| 16:46 | Create | Villager (Male) |
| 16:48 | Build | Farm |
| 16:48 | Build | Farm |
| 16:48 | Build | Farm |
| 16:48 | Build | Farm |
| 16:48 | Build | Farm |
| 16:52 | Build | Farm |
| 16:52 | Build | Farm |
| 16:52 | Build | Farm |
| 16:52 | Build | Farm |
| 16:52 | Build | Farm |
| 16:53 | Build | Farm |
| 16:53 | Build | Farm |
| 16:57 | Create | Villager (Male) |
| 17:15 | Create | Villager (Male) |
| 17:16 | Create | Villager (Male) |
| 17:17 | Create | Villager (Male) |
| 17:17 | Create | Villager (Male) |
| 17:23 | Create | Villager (Male) |
| 17:23 | Create | Villager (Male) |
| 17:27 | Build | Farm |
| 17:27 | Build | Farm |
| 17:27 | Build | Farm |
| 17:27 | Build | Farm |
| 17:28 | Build | Farm |
| 17:34 | Create | Villager (Male) |
| 17:34 | Create | Villager (Male) |
| 17:46 | Create | Villager (Male) |
| 17:46 | Create | Villager (Male) |
| 17:56 | Create | Villager (Male) |
| 17:57 | Create | Villager (Male) |
| 18:10 | Create | Villager (Male) |
| 18:11 | Create | Villager (Male) |
| 18:15 | Build | Farm |
| 18:16 | Create | Villager (Male) |
| 18:25 | Create | Villager (Male) |
| 18:26 | Create | Villager (Male) |
| 18:28 | Build | House |
| 18:29 | Build | House |
| 18:29 | Build | House |
| 18:30 | Build | House |
| 18:30 | Build | House |
| 18:41 | Create | Villager (Male) |
| 18:54 | Build | Town Center |
| 18:55 | Create | Villager (Male) |
| 18:55 | Create | Villager (Male) |
| 19:02 | Build | Farm |
| 19:03 | Build | Farm |
| 19:05 | Create | Villager (Male) |
| 19:07 | Build | Farm |
| 19:07 | Create | Villager (Male) |
| 19:14 | Create | Villager (Male) |
| 19:14 | Create | Villager (Male) |
| 19:20 | Build | Farm |
| 19:20 | Build | Farm |
| 19:20 | Build | Farm |
Build order — TaçsızKral
First 150 of 306 actions detected
| 0:02 | Create | Villager (Male) |
| 0:02 | Create | Villager (Male) |
| 0:02 | Create | Villager (Male) |
| 0:02 | Create | Villager (Male) |
| 0:03 | Create | Villager (Male) |
| 0:04 | Build | House |
| 0:05 | Build | House |
| 1:36 | Create | Villager (Male) |
| 1:51 | Create | Villager (Male) |
| 1:52 | Create | Villager (Male) |
| 1:59 | Build | Lumber Camp |
| 2:31 | Create | Villager (Male) |
| 2:32 | Create | Villager (Male) |
| 2:57 | Create | Villager (Male) |
| 2:58 | Create | Villager (Male) |
| 3:22 | Create | Villager (Male) |
| 3:22 | Create | Villager (Male) |
| 3:42 | Create | Villager (Male) |
| 3:42 | Create | Villager (Male) |
| 3:52 | Build | House |
| 4:15 | Create | Villager (Male) |
| 4:16 | Create | Villager (Male) |
| 4:30 | Create | Villager (Male) |
| 4:32 | Create | Villager (Male) |
| 4:32 | Create | Villager (Male) |
| 4:50 | Build | Mill |
| 5:21 | Create | Villager (Male) |
| 5:31 | Create | Villager (Male) |
| 5:31 | Create | Villager (Male) |
| 5:32 | Create | Villager (Male) |
| 5:43 | Create | Villager (Male) |
| 5:59 | Build | House |
| 6:44 | Create | Villager (Male) |
| 6:59 | Build | Mining Camp |
| 7:32 | Create | Villager (Male) |
| 7:44 | Build | Mining Camp |
| 7:57 | Create | Villager (Male) |
| 8:17 | Build | House |
| 8:21 | Create | Villager (Male) |
| 8:32 | Build | Farm |
| 8:37 | Research | Feudal Age |
| 9:00 | Build | Farm |
| 9:59 | Create | Villager (Male) |
| 10:00 | Create | Villager (Male) |
| 11:00 | Age | Feudal Age |
| 11:06 | Build | Blacksmith |
| 11:46 | Build | Market |
| 11:50 | Create | Villager (Male) |
| 12:22 | Build | Lumber Camp |
| 12:33 | Research | Castle Age |
| 12:58 | Research | Double-Bit Axe |
| 13:39 | Build | Farm |
| 14:08 | Research | Gold Mining |
| 14:10 | Research | Horse Collar |
| 14:51 | Create | Villager (Male) |
| 15:13 | Age | Castle Age |
| 15:20 | Build | Castle |
| 15:33 | Build | Stone Wall |
| 15:39 | Research | Bow Saw |
| 15:40 | Create | Villager (Male) |
| 15:43 | Build | University |
| 16:05 | Build | House |
| 16:08 | Build | House |
| 16:15 | Build | House |
| 16:25 | Build | Mining Camp |
| 16:33 | Create | Villager (Male) |
| 16:33 | Create | Villager (Male) |
| 16:37 | Create | Genoese Crossbowman |
| 16:38 | Create | Genoese Crossbowman |
| 16:38 | Create | Genoese Crossbowman |
| 16:38 | Create | Genoese Crossbowman |
| 16:45 | Build | House |
| 16:50 | Build | Farm |
| 16:56 | Create | Villager (Male) |
| 17:08 | Research | Fletching |
| 17:39 | Create | Villager (Male) |
| 18:07 | Build | Building 490 |
| 18:09 | Build | House |
| 18:16 | Create | Villager (Male) |
| 18:16 | Create | Villager (Male) |
| 18:16 | Create | Villager (Male) |
| 18:18 | Create | Genoese Crossbowman |
| 18:18 | Create | Genoese Crossbowman |
| 18:18 | Create | Genoese Crossbowman |
| 18:23 | Create | Genoese Crossbowman |
| 18:27 | Build | House |
| 18:41 | Build | House |
| 18:45 | Create | Genoese Crossbowman |
| 19:02 | Create | Villager (Male) |
| 19:42 | Build | Stone Wall |
| 19:57 | Create | Villager (Male) |
| 20:13 | Create | Genoese Crossbowman |
| 20:13 | Create | Genoese Crossbowman |
| 20:27 | Create | Genoese Crossbowman |
| 20:27 | Create | Genoese Crossbowman |
| 21:11 | Research | Bodkin Arrow |
| 21:11 | Research | Bodkin Arrow |
| 21:16 | Create | Genoese Crossbowman |
| 21:16 | Create | Genoese Crossbowman |
| 21:24 | Create | Villager (Male) |
| 21:43 | Build | Farm |
| 21:59 | Create | Villager (Male) |
| 22:17 | Create | Genoese Crossbowman |
| 22:17 | Create | Genoese Crossbowman |
| 22:58 | Build | Stone Wall |
| 23:02 | Create | Genoese Crossbowman |
| 23:02 | Create | Genoese Crossbowman |
| 23:07 | Create | Genoese Crossbowman |
| 23:07 | Create | Genoese Crossbowman |
| 23:13 | Build | Stone Wall |
| 23:15 | Create | Villager (Male) |
| 23:15 | Create | Villager (Male) |
| 23:25 | Create | Genoese Crossbowman |
| 23:34 | Create | Genoese Crossbowman |
| 23:50 | Create | Genoese Crossbowman |
| 23:50 | Create | Genoese Crossbowman |
| 24:16 | Research | Ballistics |
| 24:27 | Create | Villager (Male) |
| 24:28 | Create | Villager (Male) |
| 24:34 | Create | Genoese Crossbowman |
| 24:35 | Create | Genoese Crossbowman |
| 24:46 | Create | Genoese Crossbowman |
| 24:46 | Create | Genoese Crossbowman |
| 25:09 | Create | Genoese Crossbowman |
| 25:10 | Create | Genoese Crossbowman |
| 25:13 | Create | Villager (Male) |
| 25:13 | Create | Villager (Male) |
| 25:16 | Create | Genoese Crossbowman |
| 25:16 | Create | Genoese Crossbowman |
| 25:47 | Create | Genoese Crossbowman |
| 25:47 | Create | Genoese Crossbowman |
| 25:48 | Create | Genoese Crossbowman |
| 25:58 | Create | Genoese Crossbowman |
| 25:58 | Create | Genoese Crossbowman |
| 26:12 | Create | Villager (Male) |
| 26:12 | Create | Villager (Male) |
| 26:13 | Create | Genoese Crossbowman |
| 26:13 | Create | Genoese Crossbowman |
| 26:40 | Create | Genoese Crossbowman |
| 26:40 | Create | Genoese Crossbowman |
| 26:44 | Create | Villager (Male) |
| 26:51 | Create | Genoese Crossbowman |
| 26:51 | Create | Genoese Crossbowman |
| 27:01 | Build | Outpost |
| 27:20 | Create | Genoese Crossbowman |
| 27:20 | Create | Genoese Crossbowman |
| 27:20 | Create | Genoese Crossbowman |
| 27:21 | Create | Genoese Crossbowman |
| 27:30 | Build | Outpost |
| 27:42 | Create | Genoese Crossbowman |
Build order — Soma
First 150 of 456 actions detected
| 0:01 | Create | Villager (Male) ×4 |
| 0:01 | Create | Villager (Male) ×4 |
| 0:03 | Build | House |
| 0:04 | Build | House |
| 1:24 | Create | Villager (Male) |
| 1:24 | Create | Villager (Male) |
| 2:04 | Create | Villager (Male) |
| 2:04 | Create | Villager (Male) |
| 2:05 | Create | Villager (Male) |
| 2:10 | Build | Lumber Camp |
| 2:50 | Create | Villager (Male) |
| 3:01 | Create | Villager (Male) |
| 3:01 | Create | Villager (Male) |
| 3:27 | Create | Villager (Male) |
| 3:29 | Build | House |
| 3:30 | Build | House |
| 3:56 | Create | Villager (Male) |
| 4:37 | Create | Villager (Male) |
| 4:47 | Create | Villager (Male) |
| 5:09 | Create | Villager (Male) |
| 5:31 | Build | Mill |
| 5:42 | Create | Villager (Male) |
| 5:59 | Create | Villager (Male) |
| 6:29 | Create | Villager (Male) |
| 6:59 | Create | Villager (Male) |
| 7:28 | Create | Villager (Male) |
| 7:53 | Create | Villager (Male) |
| 8:04 | Build | Mining Camp |
| 8:17 | Research | Feudal Age |
| 8:36 | Build | Farm |
| 8:37 | Build | Farm |
| 10:32 | Create | Villager (Male) |
| 10:33 | Age | Feudal Age |
| 10:35 | Build | Market |
| 10:45 | Build | Blacksmith |
| 10:56 | Create | Villager (Male) |
| 11:01 | Research | Loom |
| 11:01 | Research | Loom |
| 11:05 | Create | Villager (Male) |
| 11:25 | Research | Castle Age |
| 11:25 | Research | Castle Age |
| 11:26 | Research | Castle Age |
| 11:33 | Build | House |
| 11:36 | Build | House |
| 12:17 | Research | Double-Bit Axe |
| 12:17 | Research | Double-Bit Axe |
| 12:18 | Research | Horse Collar |
| 12:18 | Research | Horse Collar |
| 14:05 | Age | Castle Age |
| 14:08 | Build | Town Center |
| 14:08 | Create | Villager (Male) |
| 14:12 | Build | Town Center |
| 14:14 | Create | Villager (Male) |
| 14:33 | Create | Villager (Male) |
| 14:40 | Create | Villager (Male) |
| 14:58 | Build | Farm |
| 15:03 | Build | Farm |
| 15:04 | Build | Farm |
| 15:05 | Create | Villager (Male) |
| 15:16 | Build | Farm |
| 15:28 | Build | Farm |
| 15:34 | Create | Villager (Male) |
| 15:35 | Create | Villager (Male) |
| 15:47 | Create | Villager (Male) |
| 15:51 | Build | Farm |
| 15:54 | Build | Farm |
| 15:54 | Create | Villager (Male) ×5 |
| 16:07 | Build | Farm |
| 16:08 | Create | Villager (Male) |
| 16:18 | Build | Farm |
| 16:18 | Create | Villager (Male) |
| 16:39 | Build | Farm |
| 16:40 | Build | Farm |
| 16:53 | Create | Villager (Male) |
| 16:58 | Create | Villager (Male) |
| 17:13 | Build | Town Center |
| 17:16 | Create | Villager (Male) |
| 17:28 | Build | Farm |
| 17:28 | Create | Villager (Male) |
| 17:34 | Create | Villager (Male) |
| 17:41 | Build | Farm |
| 17:45 | Build | Farm |
| 17:50 | Build | Farm |
| 17:53 | Create | Villager (Male) |
| 18:04 | Build | House |
| 18:05 | Build | House |
| 18:08 | Create | Villager (Male) |
| 18:10 | Build | Farm |
| 18:12 | Build | Farm |
| 18:22 | Build | Farm |
| 18:24 | Build | Farm |
| 18:24 | Create | Villager (Male) |
| 18:25 | Create | Villager (Male) |
| 18:29 | Build | Farm |
| 18:37 | Build | House |
| 18:39 | Build | House |
| 18:44 | Build | Farm |
| 18:44 | Create | Villager (Male) ×2 |
| 18:52 | Build | Farm |
| 18:54 | Create | Villager (Male) |
| 19:02 | Build | Farm |
| 19:03 | Build | Farm |
| 19:03 | Create | Villager (Male) |
| 19:08 | Create | Villager (Male) |
| 19:15 | Build | Farm |
| 19:19 | Build | Farm |
| 19:20 | Build | Farm |
| 19:22 | Create | Villager (Male) |
| 19:23 | Create | Villager (Male) |
| 19:29 | Build | House |
| 19:32 | Build | Farm |
| 19:32 | Create | Villager (Male) |
| 19:39 | Build | Farm |
| 19:39 | Create | Villager (Male) |
| 19:49 | Build | Farm |
| 19:50 | Build | Farm |
| 19:51 | Create | Villager (Male) |
| 19:54 | Create | Villager (Male) |
| 19:54 | Create | Villager (Male) |
| 19:58 | Create | Villager (Male) |
| 20:01 | Build | Farm |
| 20:02 | Build | Farm |
| 20:06 | Create | Villager (Male) |
| 20:11 | Build | Farm |
| 20:12 | Build | Farm |
| 20:13 | Build | Farm |
| 20:16 | Build | Farm |
| 20:17 | Create | Villager (Male) ×2 |
| 20:25 | Build | Farm |
| 20:26 | Create | Villager (Male) |
| 20:28 | Create | Villager (Male) |
| 20:41 | Create | Villager (Male) |
| 20:46 | Build | Farm |
| 20:46 | Create | Villager (Male) |
| 20:50 | Create | Villager (Male) |
| 20:51 | Create | Villager (Male) |
| 20:55 | Build | House |
| 20:56 | Build | House |
| 20:57 | Build | House |
| 20:59 | Create | Villager (Male) |
| 21:01 | Create | Villager (Male) |
| 21:04 | Build | Farm |
| 21:05 | Build | Farm |
| 21:11 | Build | Farm |
| 21:11 | Create | Villager (Male) |
| 21:21 | Build | Farm |
| 21:23 | Create | Villager (Male) |
| 21:26 | Create | Villager (Male) |
| 21:28 | Create | Villager (Male) |
| 21:30 | Build | Farm |
Build order — tokmakbaba
First 150 of 289 actions detected
| 0:02 | Create | Villager (Male) |
| 0:03 | Build | House |
| 0:04 | Build | House |
| 0:08 | Create | Villager (Male) |
| 0:08 | Create | Villager (Male) |
| 0:08 | Create | Villager (Male) |
| 0:09 | Create | Villager (Male) |
| 1:30 | Create | Villager (Male) |
| 1:30 | Create | Villager (Male) |
| 1:48 | Build | Lumber Camp |
| 1:59 | Create | Villager (Male) |
| 2:39 | Create | Villager (Male) |
| 2:39 | Create | Villager (Male) |
| 3:06 | Create | Villager (Male) |
| 3:06 | Create | Villager (Male) |
| 3:06 | Create | Villager (Male) |
| 3:38 | Create | Villager (Male) |
| 4:02 | Build | House |
| 4:02 | Build | House |
| 4:03 | Build | House |
| 4:21 | Create | Villager (Male) |
| 4:42 | Create | Villager (Male) |
| 4:42 | Create | Villager (Male) |
| 4:43 | Create | Villager (Male) |
| 5:09 | Create | Villager (Male) |
| 5:09 | Create | Villager (Male) |
| 5:14 | Build | Mill |
| 6:04 | Create | Villager (Male) |
| 6:23 | Create | Villager (Male) |
| 6:49 | Create | Villager (Male) |
| 7:13 | Create | Villager (Male) |
| 7:36 | Create | Villager (Male) |
| 7:37 | Create | Villager (Male) |
| 7:37 | Create | Villager (Male) |
| 7:40 | Create | Villager (Male) |
| 7:44 | Build | Mining Camp |
| 9:11 | Build | Lumber Camp |
| 9:14 | Research | Feudal Age |
| 10:55 | Build | Farm |
| 10:57 | Build | Farm |
| 10:59 | Build | Farm |
| 11:01 | Build | Farm |
| 11:22 | Build | Farm |
| 11:32 | Build | House |
| 11:36 | Create | Villager (Male) |
| 11:37 | Create | Villager (Male) |
| 11:53 | Create | Villager (Male) |
| 11:56 | Age | Feudal Age |
| 12:02 | Build | Market |
| 12:04 | Build | Blacksmith |
| 12:25 | Research | Double-Bit Axe |
| 12:46 | Build | Farm |
| 12:54 | Research | Castle Age |
| 12:54 | Research | Castle Age |
| 12:58 | Build | Farm |
| 14:30 | Build | House |
| 14:41 | Create | Villager (Male) |
| 14:42 | Create | Villager (Male) |
| 14:54 | Build | Farm |
| 15:34 | Age | Castle Age |
| 15:36 | Build | Monastery |
| 15:41 | Build | Siege Workshop |
| 15:47 | Build | Siege Workshop |
| 16:02 | Create | Villager (Male) |
| 16:04 | Build | Mining Camp |
| 16:32 | Build | Siege Workshop |
| 17:24 | Research | Imperial Age |
| 17:24 | Research | Imperial Age |
| 17:27 | Build | House |
| 17:28 | Build | House |
| 18:05 | Research | Gold Mining |
| 18:05 | Research | Gold Mining |
| 18:11 | Create | Monk |
| 18:37 | Build | House |
| 19:14 | Build | House |
| 19:16 | Research | Horse Collar |
| 20:15 | Create | Villager (Male) |
| 20:22 | Research | Bow Saw |
| 20:24 | Create | Villager (Male) |
| 20:34 | Age | Imperial Age |
| 20:36 | Create | Bombard Cannon |
| 20:36 | Create | Bombard Cannon |
| 20:39 | Create | Bombard Cannon |
| 21:23 | Create | Villager (Male) |
| 21:46 | Create | Bombard Cannon |
| 21:46 | Create | Bombard Cannon |
| 21:46 | Create | Bombard Cannon |
| 21:53 | Create | Villager (Male) |
| 21:57 | Build | Farm |
| 21:57 | Build | Farm |
| 21:59 | Research | Loom |
| 22:03 | Create | Villager (Male) |
| 22:32 | Create | Villager (Male) |
| 22:38 | Create | Villager (Male) |
| 22:39 | Create | Bombard Cannon |
| 22:39 | Create | Bombard Cannon |
| 22:39 | Create | Bombard Cannon |
| 23:05 | Create | Bombard Cannon |
| 23:05 | Create | Bombard Cannon |
| 23:10 | Create | Bombard Cannon |
| 23:10 | Create | Villager (Male) |
| 23:15 | Create | Monk |
| 23:32 | Create | Villager (Male) |
| 24:03 | Build | Farm |
| 24:10 | Create | Bombard Cannon |
| 24:32 | Build | Farm |
| 24:33 | Create | Villager (Male) |
| 24:38 | Research | Stone Mining |
| 24:40 | Build | Mining Camp |
| 25:12 | Create | Villager (Male) |
| 25:18 | Create | Villager (Male) |
| 26:15 | Build | Farm |
| 26:17 | Build | Farm |
| 26:17 | Create | Villager (Male) |
| 26:20 | Build | Farm |
| 26:20 | Create | Villager (Male) |
| 26:28 | Build | Town Center |
| 26:54 | Build | Farm |
| 26:54 | Create | Villager (Male) |
| 27:13 | Create | Villager (Male) |
| 27:23 | Build | Farm |
| 27:24 | Create | Villager (Male) |
| 27:26 | Build | House |
| 27:27 | Build | House |
| 27:27 | Build | House |
| 27:31 | Build | Town Center |
| 27:32 | Create | Villager (Male) |
| 27:33 | Create | Villager (Male) |
| 27:34 | Create | Villager (Male) |
| 27:37 | Research | Wheelbarrow |
| 27:51 | Build | Farm |
| 28:16 | Build | Farm |
| 28:17 | Build | Farm |
| 28:17 | Build | Farm |
| 28:19 | Create | Villager (Male) |
| 28:19 | Create | Villager (Male) |
| 28:22 | Build | Barracks |
| 28:28 | Create | Villager (Male) |
| 28:28 | Create | Villager (Male) |
| 28:38 | Build | Farm |
| 28:39 | Create | Villager (Male) |
| 29:14 | Build | Archery Range |
| 29:21 | Create | Villager (Male) |
| 29:23 | Create | Villager (Male) |
| 29:24 | Build | Lumber Camp |
| 29:26 | Research | Heavy Plow |
| 29:59 | Create | Villager (Male) |
| 30:01 | Build | Farm |
| 30:01 | Build | Farm |
| 30:01 | Build | Farm |
Build order — Benitto Burrito
First 150 of 166 actions detected
| 0:00 | Create | Villager (Male) ×4 |
| 0:00 | Create | Villager (Male) ×4 |
| 0:02 | Build | House |
| 0:03 | Build | House |
| 1:10 | Create | Villager (Male) |
| 1:10 | Create | Villager (Male) |
| 2:03 | Create | Villager (Male) |
| 2:03 | Create | Villager (Male) |
| 2:05 | Create | Villager (Male) |
| 2:06 | Create | Villager (Male) |
| 2:15 | Build | Lumber Camp |
| 2:26 | Create | Villager (Male) ×2 |
| 3:06 | Create | Villager (Male) ×3 |
| 3:06 | Create | Villager (Male) ×3 |
| 3:40 | Create | Villager (Male) |
| 3:52 | Create | Villager (Male) |
| 4:04 | Create | Villager (Male) |
| 4:04 | Create | Villager (Male) |
| 4:10 | Create | Villager (Male) |
| 4:39 | Build | House |
| 4:40 | Research | Loom |
| 5:18 | Create | Villager (Male) |
| 5:18 | Create | Villager (Male) |
| 5:18 | Create | Villager (Male) |
| 5:27 | Build | Mill |
| 6:13 | Build | Mining Camp |
| 6:23 | Create | Villager (Male) |
| 6:23 | Create | Villager (Male) |
| 6:54 | Build | House |
| 7:15 | Create | Villager (Male) |
| 7:17 | Create | Villager (Male) |
| 7:41 | Create | Villager (Male) |
| 8:31 | Research | Feudal Age |
| 10:44 | Create | Villager (Male) |
| 10:45 | Create | Villager (Male) |
| 10:48 | Age | Feudal Age |
| 10:50 | Build | Market |
| 10:52 | Build | Blacksmith |
| 11:04 | Build | Mining Camp |
| 11:42 | Build | Palisade Wall |
| 11:50 | Research | Castle Age |
| 12:00 | Research | Fletching |
| 14:10 | Create | Villager (Male) |
| 14:11 | Create | Villager (Male) |
| 14:12 | Create | Villager (Male) |
| 14:30 | Age | Castle Age |
| 14:37 | Build | Castle |
| 14:40 | Research | Bodkin Arrow |
| 15:02 | Build | House |
| 15:19 | Build | Mining Camp |
| 15:40 | Create | Mangudai ×3 |
| 16:19 | Create | Mangudai |
| 17:19 | Create | Petard |
| 17:21 | Create | Mangudai |
| 17:22 | Create | Mangudai |
| 17:22 | Create | Mangudai |
| 18:04 | Create | Mangudai |
| 19:37 | Create | Mangudai |
| 19:37 | Create | Mangudai |
| 19:38 | Create | Villager (Male) |
| 19:38 | Create | Villager (Male) |
| 20:17 | Create | Mangudai |
| 20:18 | Create | Mangudai |
| 20:42 | Create | Mangudai |
| 20:43 | Create | Villager (Male) |
| 20:47 | Build | Farm |
| 20:47 | Build | Farm |
| 20:47 | Build | Farm |
| 20:47 | Build | Farm |
| 21:40 | Create | Mangudai |
| 21:51 | Create | Villager (Male) |
| 21:51 | Create | Villager (Male) |
| 21:52 | Create | Villager (Male) |
| 21:54 | Build | Farm |
| 21:54 | Build | Farm |
| 21:54 | Build | Farm |
| 21:55 | Build | Farm |
| 22:13 | Create | Mangudai |
| 22:13 | Create | Mangudai |
| 22:32 | Build | Castle |
| 22:49 | Build | Castle |
| 22:56 | Build | Castle |
| 23:01 | Create | Villager (Male) |
| 23:02 | Create | Villager (Male) |
| 23:02 | Create | Villager (Male) |
| 23:07 | Build | House |
| 23:08 | Build | House |
| 23:09 | Build | House |
| 23:26 | Research | Town Watch |
| 24:04 | Create | Mangudai ×2 |
| 24:04 | Create | Mangudai ×2 |
| 24:19 | Research | Padded Archer Armor |
| 25:18 | Create | Mangudai ×2 |
| 25:18 | Create | Mangudai ×2 |
| 27:08 | Build | Town Center |
| 28:22 | Build | Palisade Wall |
| 28:25 | Build | Palisade Wall |
| 30:21 | Build | Farm |
| 30:25 | Build | Farm |
| 30:34 | Build | Farm |
| 31:01 | Create | Villager (Male) |
| 31:01 | Create | Villager (Male) |
| 31:20 | Build | Town Center |
| 31:26 | Build | Farm |
| 32:33 | Create | Villager (Male) |
| 32:43 | Build | Mill |
| 32:44 | Build | Farm |
| 32:44 | Build | Farm |
| 32:44 | Build | Farm |
| 32:45 | Build | Farm |
| 32:45 | Build | Farm |
| 32:45 | Build | Farm |
| 32:45 | Build | Farm |
| 32:45 | Build | Farm |
| 32:46 | Build | Farm |
| 32:46 | Build | Farm |
| 33:42 | Create | Villager (Male) ×2 |
| 34:24 | Build | Stone Wall |
| 34:48 | Build | Farm |
| 34:52 | Build | Farm |
| 34:55 | Research | Horse Collar |
| 35:09 | Create | Villager (Male) |
| 35:09 | Create | Villager (Male) |
| 35:10 | Create | Villager (Male) |
| 35:20 | Build | Stone Wall |
| 35:33 | Build | Barracks |
| 36:33 | Create | Spearman |
| 36:37 | Build | Stable |
| 36:47 | Build | Town Center |
| 37:27 | Create | Knight |
| 37:27 | Create | Knight |
| 37:30 | Create | Steppe Lancer |
| 37:30 | Create | Steppe Lancer |
| 37:30 | Create | Steppe Lancer |
| 37:34 | Create | Villager (Male) ×3 |
| 37:35 | Create | Villager (Male) ×3 |
| 37:40 | Build | Farm |
| 37:40 | Build | Farm |
| 37:43 | Build | Farm |
| 37:43 | Build | Farm |
| 37:46 | Build | Farm |
| 37:52 | Create | Villager (Male) |
| 37:55 | Create | Villager (Male) |
| 38:20 | Build | Building 490 |
| 39:48 | Create | Villager (Male) ×5 |
| 39:48 | Create | Villager (Male) ×5 |
| 39:48 | Create | Villager (Male) ×5 |
| 40:07 | Build | Building 490 |
| 40:13 | Create | Villager (Male) ×3 |
| 40:19 | Build | House |
Match timeline
| 10:31 | Zachattack771 · age_up feudal |
| 10:33 | Soma · age_up feudal |
| 10:48 | Benitto Burrito · age_up feudal |
| 10:55 | _ · age_up feudal |
| 11:00 | TaçsızKral · age_up feudal |
| 11:01 | Twidboy · age_up feudal |
| 11:25 | Soma · first_market_sell 100 food |
| 11:42 | Benitto Burrito · wall_segment Palisade Wall x1 |
| 11:47 | coxinha_iodo · age_up feudal |
| 11:56 | tokmakbaba · age_up feudal |
| 14:05 | Soma · age_up castle |
| 14:07 | Zachattack771 · age_up castle |
| 14:30 | Benitto Burrito · age_up castle |
| 14:34 | _ · age_up castle |
| 14:37 | Benitto Burrito · first_building Castle |
| 14:44 | Twidboy · age_up castle |
| 15:04 | Twidboy · first_building Castle |
| 15:13 | TaçsızKral · age_up castle |
| 15:20 | TaçsızKral · first_building Castle |
| 15:23 | _ · first_building Castle |
| 15:26 | coxinha_iodo · age_up castle |
| 15:33 | TaçsızKral · wall_segment Stone Wall x10 |
| 15:34 | tokmakbaba · age_up castle |
| 15:36 | tokmakbaba · first_building Monastery |
| 15:41 | tokmakbaba · first_building Siege Workshop |
| 16:13 | tokmakbaba · first_market_buy 100 food |
| 16:15 | tokmakbaba · first_market_sell 100 stone |
| 17:44 | Twidboy · first_building Siege Workshop |
| 18:45 | _ · first_market_sell 500 wood |
| 18:47 | _ · first_market_buy 100 food |
| 18:50 | Zachattack771 · first_market_sell 100 food |
| 18:51 | Zachattack771 · first_market_buy 100 stone |
| 19:42 | TaçsızKral · wall_segment Stone Wall x1 |
| 20:26 | TaçsızKral · first_market_sell 100 wood |
| 20:32 | _ · first_building Siege Workshop |
| 20:34 | tokmakbaba · age_up imperial |
| 21:06 | TaçsızKral · first_market_buy 100 food |
| 21:08 | coxinha_iodo · first_building Siege Workshop |
| 21:45 | Zachattack771 · first_building Monastery |
| 21:48 | Twidboy · first_market_sell 100 wood |
| 21:50 | Benitto Burrito · first_market_buy 500 food |
| 22:27 | coxinha_iodo · first_building Barracks |
| 22:38 | Zachattack771 · first_building Barracks |
| 22:58 | TaçsızKral · wall_segment Stone Wall x4 |
| 23:07 | coxinha_iodo · first_market_buy 100 food |
| 23:13 | TaçsızKral · wall_segment Stone Wall x4 |
| 23:27 | Soma · first_building Monastery |
| 23:49 | coxinha_iodo · wall_segment Stone Wall x15 |
| 23:57 | coxinha_iodo · first_building Stable |
| 24:02 | Zachattack771 · first_building Stable |
| 25:15 | Soma · first_building Barracks |
| 25:17 | Zachattack771 · first_building Castle |
| 25:17 | Benitto Burrito · first_market_sell 500 food |
| 25:50 | Zachattack771 · first_building Archery Range |
| 25:53 | Twidboy · first_market_buy 500 wood |
| 26:41 | coxinha_iodo · age_up imperial |
| 26:57 | Soma · first_building Castle |
| 27:44 | Soma · age_up imperial |
| 27:57 | coxinha_iodo · wall_segment Stone Wall x1 |
| 28:22 | tokmakbaba · first_building Barracks |
| 28:22 | Benitto Burrito · wall_segment Palisade Wall x5 |
| 28:25 | Benitto Burrito · wall_segment Palisade Wall x9 |
| 28:51 | coxinha_iodo · first_building Castle |
| 29:11 | _ · wall_segment Stone Wall x1 |
| 29:12 | _ · wall_segment Stone Wall x1 |
| 29:13 | Zachattack771 · age_up imperial |
| 29:13 | _ · wall_segment Stone Wall x1 |
| 29:14 | tokmakbaba · first_building Archery Range |
| 29:34 | Soma · first_market_buy 100 food |
| 30:10 | _ · wall_segment Stone Wall x1 |
| 31:01 | Zachattack771 · first_building Siege Workshop |
| 31:14 | tokmakbaba · first_building Castle |
| 33:14 | Twidboy · first_building Barracks |
| 34:24 | Benitto Burrito · wall_segment Stone Wall x4 |
| 35:09 | Zachattack771 · wall_segment Stone Wall x1 |
| 35:20 | Benitto Burrito · wall_segment Stone Wall x1 |
| 35:33 | Benitto Burrito · first_building Barracks |
| 35:37 | TaçsızKral · first_building Barracks |
| 36:09 | tokmakbaba · wall_segment Stone Wall x1 |
| 36:25 | _ · age_up imperial |
| 36:37 | Benitto Burrito · first_building Stable |
| 37:43 | TaçsızKral · wall_segment Stone Wall x1 |
| 37:47 | tokmakbaba · first_building Stable |
| 39:26 | Twidboy · first_building Archery Range |
| 39:28 | tokmakbaba · wall_segment Stone Wall x2 |
| 39:29 | tokmakbaba · wall_segment Stone Wall x1 |
| 40:06 | TaçsızKral · wall_segment Stone Wall x1 |
| 40:38 | Twidboy · age_up imperial |
| 41:40 | coxinha_iodo · resign |
[ AI ANALYSIS · 1 CREDIT ]
What really happened in this match?
Wolo.gg analyzes every decision: build order, eco, micro, common mistakes by bracket. Personalized analysis on WhatsApp or Discord in 30 seconds.
Civ guide
Koreans
Perfil
Jugador #2894061